 Dungeon Crawl Stone Soup version 0.22-a0-458-gb446440 (webtiles) character file.

324 4thArraOfDagon the Chopper (level 6, -10/57 HPs)
             Began as a Hill Orc Fighter on June 8, 2018.
             Was an Initiate of the Shining One.
             Mangled by an orc warrior
             ... wielding a +0 war axe
              (13 damage)
             ... on level 4 of the Dungeon.
             The game lasted 00:05:36 (982 turns).

4thArraOfDagon the Chopper (Hill Orc Fighter)        Turns: 982, Time: 00:05:36

Health: -10/57     AC:  9    Str: 19    XL:     6   Next: 48%
Magic:  6/6        EV: 12    Int: 10    God:    the Shining One [......]
Gold:   164        SH:  9    Dex: 15    Spells: 5/5 levels left

rFire    + . .     SeeInvis .   h - +0 hand axe (chop)
rCold    + . .     Gourm    .   c - +0 shield
rNeg     . . .     Faith    .   b - +0 scale mail
rPois    +         Spirit   .   n - +0 helmet (curse)
rElec    +         Reflect  .   e - +0 cloak
rCorr    +         Harm     .   (no gloves)
MR       .....                  (no boots)
Stlth    +.........             (no amulet)
HPRegen  0.19/turn              (no ring)
MPRegen  0.10/turn              (no ring)

@: agile, resistant, flying, hasted, glowing, very quick
A: no striking features
a: Renounce Religion


You were on level 4 of the Dungeon.
You worshipped the Shining One.
The Shining One was noncommittal.
You were hungry.

You visited 1 branch of the dungeon, and saw 4 of its levels.

You collected 164 gold pieces.

Inventory:

Hand Weapons
 a - a +0 war axe
 h - a +0 hand axe of chopping (weapon)
Armour
 b - a +0 scale mail (worn)
 c - a +0 shield (worn)
 e - a +0 cloak (worn)
 n - a cursed +0 helmet (worn)
Scrolls
 g - a scroll of random uselessness {unknown}
 j - 3 scrolls of identify
 k - a scroll of enchant weapon {unknown}
 r - a scroll of immolation {unknown}
Comestibles
 f - 7 rations


   Skills:
 + Level 5.6 Fighting
 * Level 7.3 Axes
 - Level 3.2 Armour
 - Level 3.2 Shields


You had 5 spell levels left.
You didn't know any spells.
Your spell library was empty.

Dungeon Overview and Level Annotations

Branches:
Dungeon (4/15)
 Temple: D:4-7

Altars:
Ashenzari
Hepliaklqana
Uskayaw
The Shining One

Annotations:
D:3 EvilAshe's ghost, amateur DrWz


Message History

Unknown command.
You hit the orc.
You kill the orc!
You closely miss the orc warrior.
The orc warrior hits you with a war axe!
* * * LOW HITPOINT WARNING * * *
Unknown command.
A frilled lizard comes into view.
Unknown command.
You aren't carrying any items that you can evoke.
Unknown command.
Unknown command.
You hit the orc warrior but do no damage.
The orc warrior is severely wounded.
Unknown command.
Unknown command.
You hit the orc warrior but do no damage.
The orc warrior is severely wounded.
The orc warrior hits you with a war axe!
You die...

#........... .......#...#
#.#....#..l# .......#...#
......o#.[.# .......#.[.##
.......†....#
########.#o.# #..#
#.......#@.# #..#
#.#######..# #..##########
#.# #..# #..#.........
#.#######..###..#.########
#...............#.#
#######.#..####.#.#######
#.#...............#
#.#######.#†#####.#
#.#######.#.#####.#


You could see an orc warrior and a frilled lizard.

Vanquished Creatures
  A phantom (D:3)
  A scorpion (D:4)
  A howler monkey (D:4)
  An orc priest (D:3)
  An orc wizard (D:4)
  An adder (D:2)
  3 oozes
  A worm (D:2)
  2 dart slugs
  2 leopard geckos
  7 orcs
  5 bats
  2 giant cockroaches
  8 goblins
  5 hobgoblins
  6 jackals
  5 kobolds
  A ball python (D:3)
  A leopard gecko skeleton (D:2)
  6 rats
60 creatures vanquished.

Notes
Turn   | Place    | Note
-------+----------+-------------------------------------------
     0 | D:1      | 4thArraOfDagon the Hill Orc Fighter began the quest for the Orb.
     0 | D:1      | Reached XP level 1. HP: 19/19 MP: 1/1
    21 | D:1      | Reached skill level 3 in Axes
    25 | D:1      | Reached XP level 2. HP: 25/27 MP: 2/2
   107 | D:1      | Reached skill level 4 in Axes
   108 | D:1      | Reached XP level 3. HP: 22/33 MP: 3/3
   277 | D:2      | Found a hide-covered altar of Uskayaw.
   277 | D:2      | Found a glowing golden altar of the Shining One.
   277 | D:2      | Found a shattered altar of Ashenzari.
   284 | D:2      | Became a worshipper of the Shining One
   401 | D:2      | Found a hazy altar of Hepliaklqana.
   423 | D:2      | Reached XP level 4. HP: 41/41 MP: 4/4
   433 | D:2      | You kill the jackal! _You barely miss the jackal. You block the jackal's attack. Lua error: ...ter/crawl-git-b446440d2e/data/dat/clua/autofight.lua:293: Cannot currently process new keys (there is pending input)
   436 | D:2      | Reached skill level 5 in Axes
   578 | D:3      | Noticed EvilAshe's ghost (amateur DrWz)
   788 | D:3      | Noticed a phantom
   807 | D:3      | Reached XP level 5. HP: 19/47 MP: 5/5
   820 | D:3      | Killed a phantom
   820 | D:3      | Reached skill level 5 in Fighting
   820 | D:3      | Reached skill level 6 in Axes
   894 | D:3      | Noticed an ogre
   921 | D:4      | Reached skill level 7 in Axes
   921 | D:4      | Reached XP level 6. HP: 12/56 MP: 6/6
   956 | D:4      | Noticed an orc warrior
   977 | D:4      | HP: 2/57 [orc warrior/war axe (11)]
   982 | D:4      | Mangled by an orc warrior

Vault maps used:
D:1:      eino_arrival_water_cross
D:2:      nicolae_overflow_crystal_walls, lemuel_coloured_pillars_altar,
          gammafunk_temple_overflow_claw, first_ration, guppyfry_early_lair_pool
D:3:      marbit_many_paths, hangedman_decor_push, wad_woods_river_04
D:4:      minmay_temple_entry_poolview

Skill      XL: |  1  2  3  4  5 |
---------------+----------------+-----
Axes           | 3 4 5 7 |  7.3
Fighting       | 4 5 |  5.6
Armour         | |  3.2
Shields        | |  3.2

Action                   |  1- 3 |  4- 6 || total
-------------------------+-------+-------++-------
Melee: War axe           |    33 |       ||    33
       Hand axe          |    50 |    77 ||   127
  Use: Potion            |       |     8 ||     8
       Scroll            |       |     1 ||     1
Armor: Scale mail        |    67 |    27 ||    94
       Skin              |       |     8 ||     8
Dodge: Dodged            |    49 |    22 ||    71
Block: Shield            |    78 |    37 ||   115

Table legend:
 A = Spawn XP
 B = Non-spawn XP
 C = Spawn XP percentage of total XP
 D = Spawn monster count
 E = Non-spawn monster count
 F = Spawn count percentage of total count
 G = Total turns spent on level
                    A         B        C        D         E        F      G
               +---------+---------+-------+---------+---------+-------+---------
         Total |       0 |     463 |   0.0 |       0 |      60 |   0.0 |   982
               +---------+---------+-------+---------+---------+-------+---------
           D:1 |       0 |      51 |   0.0 |       0 |      23 |   0.0 |   260
           D:2 |       0 |      53 |   0.0 |       0 |      19 |   0.0 |   281
           D:3 |       0 |     191 |   0.0 |       0 |      12 |   0.0 |   355
           D:4 |       0 |     168 |   0.0 |       0 |       6 |   0.0 |    86
               +---------+---------+-------+---------+---------+-------+---------
